Sarnia Sailors vs Edmonton Oil Kings
Created - Saturday, October 5, 2024 at 07:01
Goals
|
| Sarnia Sailors |
0 |
5 |
0 |
5 |
| Edmonton Oil Kings |
0 |
3 |
0 |
3 |
|
Shots
|
| Sarnia Sailors |
7 |
23 |
8 |
38 |
| Edmonton Oil Kings |
3 |
22 |
10 |
35 |
|
1st period
No Goal
Penalties :
Landon Slaggert (SAR) for High sticking (Minor) at 3:46, Jett Woo (SAR) for Holding (Minor) at 6:21, Troy Stecher (EOK) for Delaying the game (Minor) at 18:02
2nd period
1. Sarnia Sailors , Tristen Nielsen 24 (Jesse Puljujarvi 25) at 2:34
2. Sarnia Sailors , Samuel Walker 7 (Logan Morrison 14) at 3:07
3. Sarnia Sailors , Vasili Podkolzin 25 (Jamie Drysdale 35, Declan Chisholm 24) at 11:15 (PP)
4. Edmonton Oil Kings , Mackenzie Entwistle 12 (Joey Anderson 15) at 14:55
5. Edmonton Oil Kings , Kirill Marchenko 28 (Jack Quinn 29, Brett Kulak 14) at 16:09
6. Sarnia Sailors , Arthur Kaliyev 39 (Brad Lambert 50) at 17:19
7. Edmonton Oil Kings , Luke Hughes 7 (Filip Zadina 16, Dillon Dube 24) at 19:26 (PP)
8. Sarnia Sailors , Brad Lambert 29 (Arthur Kaliyev 50, Jamie Drysdale 36) at 19:40
Penalties :
Cole Reinhardt (SAR) for Delaying the game (Minor) at 9:14, Jack Quinn (EOK) for Cross-checking (Minor) at 9:36, Filip Zadina (EOK) for Fighting (Major) at 12:05, Tristen Nielsen (SAR) for Fighting (Major) at 12:05, Jett Woo (SAR) for Tripping (Minor) at 19:20
3rd period
No Goal
Penalties :
Samuel Walker (SAR) for Slashing (Minor) at 6:22
Goalie Stats
Remi Poirier (SAR), 32 saves from 35 shots - (0.914), W, 20-4-0, 60:00 minutes
Jonathan Quick (EOK), 33 saves from 38 shots - (0.868), L, 22-8-5, 60:00 minutes
Players Stats for Sarnia Sailors
Player Name G A P +/- PIM S H SB GA TA FO MP PP MP PK MP
------------------------------------------------------------------------------------
Adam Erne 0 0 0 0 0 1 2 0 0 1 0/2 16:51 0:00 3:33
Adam Ginning 0 0 0 -1 0 0 2 2 0 0 0/0 12:59 0:00 0:11
Antti Saarela 0 0 0 0 0 1 0 0 0 0 1/2 8:07 0:00 0:00
Arthur Kaliyev 1 1 2 1 0 11 1 0 1 0 1/1 21:57 1:11 1:30
Brad Lambert 1 1 2 1 0 6 3 0 1 0 18/36 21:26 1:11 0:59
Cole Reinhardt 0 0 0 1 2 0 5 0 0 0 0/0 11:30 0:50 0:07
Declan Chisholm 0 1 1 2 0 0 1 2 0 0 0/0 26:35 1:25 3:59
Jack Rathbone 0 0 0 1 0 0 1 1 0 0 0/0 20:26 0:36 2:15
Jamie Drysdale 0 2 2 3 0 2 2 2 0 2 0/0 28:20 1:25 3:59
Jesse Puljujarvi 0 1 1 0 0 2 2 0 2 0 0/1 14:25 0:48 0:00
Jett Woo 0 0 0 0 4 2 3 0 0 0 0/0 18:09 0:36 1:44
Landon Slaggert 0 0 0 0 2 1 3 0 0 0 0/0 9:27 0:00 1:15
Logan Morrison 0 1 1 0 0 4 6 0 1 0 5/11 14:43 0:00 3:20
Lucas Edmonds 0 0 0 0 0 1 0 0 0 0 0/0 8:29 0:00 0:00
Samuel Walker 1 0 1 1 2 3 1 0 1 0 0/0 9:47 0:00 0:00
Tristen Nielsen 1 0 1 1 5 1 1 0 0 0 4/10 15:15 0:50 2:06
Tyson Hinds 0 0 0 -1 0 0 0 1 0 0 0/0 13:30 0:00 0:42
Vasili Podkolzin 1 0 1 1 0 3 1 1 1 0 1/3 19:56 1:13 0:00
Players Stats for Edmonton Oil Kings
Player Name G A P +/- PIM S H SB GA TA FO MP PP MP PK MP
------------------------------------------------------------------------------------
Brett Kulak 0 1 1 0 0 1 1 1 0 1 0/0 22:11 3:25 0:55
Connor McMichael 0 0 0 -1 0 2 3 0 1 3 12/23 20:50 3:11 0:56
Dillon Dube 0 1 1 -2 0 2 0 0 0 0 11/20 18:14 3:14 0:00
Ethan Cardwell 0 0 0 1 0 1 1 0 0 0 0/0 15:46 0:00 0:00
Filip Zadina 0 1 1 -2 5 1 1 1 0 0 0/0 16:34 3:14 0:00
Jack Quinn 0 1 1 -1 2 5 4 0 1 0 1/1 19:33 3:10 1:05
Joey Anderson 0 1 1 1 0 3 2 0 0 0 0/1 13:16 0:00 0:00
Josh Mahura 0 0 0 0 0 2 0 1 0 0 0/0 14:37 0:00 0:00
Kale Clague 0 0 0 0 0 1 2 0 0 0 0/0 15:41 0:00 1:04
Kirill Marchenko 1 0 1 -1 0 6 0 0 0 1 2/4 23:12 3:11 1:05
Luke Hughes 1 0 1 -2 0 2 2 1 0 0 0/0 23:12 3:00 1:06
Mackenzie Entwistle 1 0 1 1 0 3 1 1 1 0 6/10 12:30 0:00 0:00
Noah Gregor 0 0 0 -2 0 2 1 0 0 0 1/2 20:44 3:14 0:56
Ryker Evans 0 0 0 0 0 0 2 0 0 1 0/0 22:11 3:25 0:55
Samuel Helenius 0 0 0 0 0 0 0 0 0 0 3/5 5:45 0:00 0:00
Troy Stecher 0 0 0 -2 2 4 3 0 0 1 0/0 22:37 3:00 0:02
Tyler Angle 0 0 0 0 0 0 0 0 0 0 0/0 6:41 0:00 0:00
Xavier Bourgault 0 0 0 0 0 0 0 0 0 0 0/0 2:45 0:00 0:00
3 Stars
1 - Brad Lambert (SAR)
2 - Jamie Drysdale (SAR)
3 - Arthur Kaliyev (SAR)
Power Play
Sarnia Sailors - 1 on 2 Attempt(s) - 50.00%
Edmonton Oil Kings - 1 on 5 Attempt(s) - 20.00%
Penalty Kill
Sarnia Sailors - 4 on 5 Attempt(s) - 80.00%
- Score 0 goal in Penalty Kill
Edmonton Oil Kings - 1 on 2 Attempt(s) - 50.00%
- Score 0 goal in Penalty Kill
Team Stat
Sarnia Sailors - Hits : 34 - Faceoff Wins : 30 - Blocked Shots : 9 - Penalty Minutes : 15
Edmonton Oil Kings - Hits : 23 - Faceoff Wins : 36 - Blocked Shots : 5 - Penalty Minutes : 9
Official
Referees : Conor O'Donnell and Pierre Lambert
Linesman : Libor Suchanek and Bryan Pancich
Game Notes
Filip Zadina and Tristen Nielsen fight to a draw at 12:05 of 2nd period
Sarnia Sailors
5 vs 5 Forward
Center Left Wing Right Wing Time % Phy DF OF
1 Brad Lambert Vasili Podkolzin Arthur Kaliyev 40 2 1 2
2 Tristen Nielsen Adam Erne Jesse Puljujarvi 30 2 1 2
3 Logan Morrison Samuel Walker Cole Reinhardt 20 1 2 2
4 Antti Saarela Landon Slaggert Lucas Edmonds 10 2 1 2
5 vs 5 Defense
Defense Defense Time % Phy DF OF
1 Jamie Drysdale Declan Chisholm 40 1 2 2
2 Jett Woo Jack Rathbone 30 2 1 2
3 Tyson Hinds Adam Ginning 20 2 2 1
4 Jamie Drysdale Jack Rathbone 10 1 2 2
PowerPlay Forward
Center Left Wing Right Wing Time % Phy DF OF
1 Brad Lambert Vasili Podkolzin Arthur Kaliyev 60 0 1 4
2 Tristen Nielsen Cole Reinhardt Jesse Puljujarvi 40 0 1 4
PowerPlay Defense
Defense Defense Time % Phy DF OF
1 Jamie Drysdale Declan Chisholm 60 1 1 3
2 Jett Woo Jack Rathbone 40 2 1 2
Penalty Kill 4 Players Forward
Center Wing Time % Phy DF OF
1 Logan Morrison Adam Erne 60 2 2 1
2 Tristen Nielsen Landon Slaggert 40 2 2 1
Penalty Kill 4 Players Defense
Defense Defense Time % Phy DF OF
1 Jamie Drysdale Declan Chisholm 60 2 1 2
2 Jett Woo Jack Rathbone 40 2 2 1
Penalty Kill - 3 Players Forward
Forward Time % Phy DF OF
1 Logan Morrison 60 2 2 1
2 Tristen Nielsen 40 2 2 1
Penalty Kill - 3 Players Defense
Defense Defense Time % Phy DF OF
1 Jamie Drysdale Declan Chisholm 60 2 1 2
2 Jett Woo Jack Rathbone 40 2 2 1
4 vs 4 Forward
Center Wing Time % Phy DF OF
1 Brad Lambert Arthur Kaliyev 60 2 1 2
2 Tristen Nielsen Vasili Podkolzin 40 2 1 2
4 vs 4 Defense
Defense Defense Time % Phy DF OF
1 Jamie Drysdale Declan Chisholm 60 1 2 2
2 Jett Woo Jack Rathbone 40 2 1 2
Last Minutes Offensive
Center Left Wing Right Wing Defense Defense
Brad Lambert Vasili Podkolzin Arthur Kaliyev Jamie Drysdale Jack Rathbone
Last Minutes Defensive
Center Left Wing Right Wing Defense Defense
Brad Lambert Vasili Podkolzin Arthur Kaliyev Jamie Drysdale Jack Rathbone
Goaltenders
Starting : Remi Poirier
Backup : Unknown Goalie
Extra Forwards
Normal : Logan Morrison, Cole Reinhardt, Lucas Edmonds - PP : Logan Morrison, Cole Reinhardt - PK : Logan Morrison
Extra Defensemen
Normal : Tyson Hinds, Adam Ginning, Jamie Drysdale - PP : Tyson Hinds - PK : Tyson Hinds, Adam Ginning
Penalty Shots
Arthur Kaliyev, Jesse Puljujarvi, Adam Erne, Vasili Podkolzin, Samuel Walker
Scratches
Daniel Torgersson (Healthy), Tyler Boucher (Healthy), Zach Uens (Healthy), Rory Kerins (Healthy), Sebastian Cossa (Healthy)
Dylan Ferguson (Healthy)
Edmonton Oil Kings
5 vs 5 Forward
Center Left Wing Right Wing Time % Phy DF OF
1 Connor McMichael Jack Quinn Kirill Marchenko 30 1 2 2
2 Dillon Dube Filip Zadina Noah Gregor 30 1 2 2
3 Mackenzie Entwistle Ethan Cardwell Joey Anderson 25 1 2 2
4 Samuel Helenius Kirill Marchenko Ethan Cardwell 15 1 2 2
5 vs 5 Defense
Defense Defense Time % Phy DF OF
1 Troy Stecher Luke Hughes 35 1 2 2
2 Brett Kulak Ryker Evans 35 1 2 2
3 Josh Mahura Kale Clague 30 1 2 2
4 Troy Stecher Luke Hughes 0 1 2 2
PowerPlay Forward
Center Left Wing Right Wing Time % Phy DF OF
1 Connor McMichael Jack Quinn Kirill Marchenko 50 1 2 2
2 Dillon Dube Filip Zadina Noah Gregor 50 1 2 2
PowerPlay Defense
Defense Defense Time % Phy DF OF
1 Troy Stecher Luke Hughes 50 1 2 2
2 Brett Kulak Ryker Evans 50 1 2 2
Penalty Kill 4 Players Forward
Center Wing Time % Phy DF OF
1 Kirill Marchenko Jack Quinn 50 1 2 2
2 Connor McMichael Noah Gregor 50 1 2 2
Penalty Kill 4 Players Defense
Defense Defense Time % Phy DF OF
1 Troy Stecher Luke Hughes 50 1 2 2
2 Brett Kulak Ryker Evans 50 1 2 2
Penalty Kill - 3 Players Forward
Forward Time % Phy DF OF
1 Kirill Marchenko 50 1 2 2
2 Jack Quinn 50 1 2 2
Penalty Kill - 3 Players Defense
Defense Defense Time % Phy DF OF
1 Troy Stecher Luke Hughes 50 1 2 2
2 Brett Kulak Ryker Evans 50 1 2 2
4 vs 4 Forward
Center Wing Time % Phy DF OF
1 Kirill Marchenko Jack Quinn 50 1 2 2
2 Connor McMichael Noah Gregor 50 1 2 2
4 vs 4 Defense
Defense Defense Time % Phy DF OF
1 Troy Stecher Luke Hughes 50 1 2 2
2 Brett Kulak Ryker Evans 50 1 2 2
Last Minutes Offensive
Center Left Wing Right Wing Defense Defense
Connor McMichael Jack Quinn Kirill Marchenko Troy Stecher Luke Hughes
Last Minutes Defensive
Center Left Wing Right Wing Defense Defense
Connor McMichael Jack Quinn Kirill Marchenko Troy Stecher Luke Hughes
Goaltenders
Starting : Jonathan Quick
Backup : Karel Vejmelka
Extra Forwards
Normal : Tyler Angle, Xavier Bourgault, Joey Anderson - PP : Tyler Angle, Xavier Bourgault - PK : Joey Anderson
Extra Defensemen
Normal : Josh Mahura, Kale Clague, Brett Kulak - PP : Josh Mahura - PK : Kale Clague, Brett Kulak
Penalty Shots
Kirill Marchenko, Jack Quinn, Connor McMichael, Noah Gregor, Filip Zadina
Scratches
Riley Kidney (Healthy), Pavel Novak (Healthy), Noel Gunler (Healthy), Kasimir Kaskisuo (Healthy)
% Time on Ice - Sarnia Sailors
Lines # - Real PCT - Wanted PCT - Time Play
Normal Forward
1 - 37% - 40% - 18:39
2 - 27% - 30% - 13:24
3 - 20% - 20% - 9:47
4 - 16% - 10% - 8:07
Normal Defense
1 - 40% - 40% - 19:55
2 - 31% - 30% - 15:30
3 - 26% - 20% - 12:47
4 - 4% - 10% - 1:45
PP Forward
1 - 59% - 60% - 1:11
2 - 41% - 40% - 0:50
PP Defense
1 - 70% - 60% - 1:25
2 - 30% - 40% - 0:36
PK Forward
1 - 67% - 60% - 4:19
2 - 33% - 40% - 2:06
PK Defense
1 - 62% - 60% - 3:59
2 - 38% - 40% - 2:26
PK3 Forward
1 - 0% - 60%
2 - 0% - 40%
PK3 Defense
1 - 0% - 60%
2 - 0% - 40%
44 Forward
1 - 67% - 60% - 1:05
2 - 33% - 40% - 0:32
44 Defense
1 - 78% - 60% - 1:16
2 - 22% - 40% - 0:21
Last Minute Offensive - 0:00
Last Minute Defensive - 0:00
Total
Forward - 60:00
Defense - 60:00
|
% Time on Ice - Edmonton Oil Kings
Lines # - Real PCT - Wanted PCT - Time Play
Normal Forward
1 - 32% - 30% - 15:53
2 - 32% - 30% - 15:49
3 - 25% - 25% - 12:30
4 - 12% - 15% - 5:45
Normal Defense
1 - 35% - 35% - 17:35
2 - 34% - 35% - 17:07
3 - 29% - 30% - 14:37
4 - 1% - 0% - 0:38
PP Forward
1 - 50% - 50% - 3:11
2 - 50% - 50% - 3:14
PP Defense
1 - 47% - 50% - 3:00
2 - 53% - 50% - 3:25
PK Forward
1 - 54% - 50% - 1:05
2 - 46% - 50% - 0:56
PK Defense
1 - 55% - 50% - 1:06
2 - 45% - 50% - 0:55
PK3 Forward
1 - 0% - 50%
2 - 0% - 50%
PK3 Defense
1 - 0% - 50%
2 - 0% - 50%
44 Forward
1 - 45% - 50% - 0:44
2 - 55% - 50% - 0:53
44 Defense
1 - 55% - 50% - 0:53
2 - 45% - 50% - 0:44
Last Minute Offensive - 0:00
Last Minute Defensive - 0:00
Total
Forward - 60:00
Defense - 60:00
|
Play-by-Play
1st period
0:01 of 1st period - Connor McMichael wins face-off versus Vasili Podkolzin in neutral zone.
0:12 of 1st period - Kirill Marchenko is hit by Brad Lambert and loses puck.
0:25 of 1st period - Declan Chisholm is hit by Troy Stecher and loses puck.
0:53 of 1st period - Luke Hughes is hit by Tristen Nielsen and loses puck.
1:08 of 1st period - Wrist shot by Jesse Puljujarvi.
1:08 of 1st period - Shot Blocked by Luke Hughes.
1:10 of 1st period - Wrist shot by Adam Erne.
1:10 of 1st period - Stopped by Jonathan Quick with a rebound.
1:14 of 1st period - Snap shot by Jesse Puljujarvi.
1:14 of 1st period - Stopped by Jonathan Quick without a rebound.
1:15 of 1st period - Mackenzie Entwistle wins face-off versus Logan Morrison in Edmonton Oil Kings zone.
1:47 of 1st period - Wrist shot by Jack Quinn.
1:47 of 1st period - Shot Misses the Net.
2:46 of 1st period - Vasili Podkolzin is hit by Troy Stecher and loses puck.
3:03 of 1st period - Jack Rathbone is hit by Jack Quinn and loses puck.
3:16 of 1st period - Ryker Evans is hit by Samuel Walker.
3:17 of 1st period - Icing by Ryker Evans.
3:18 of 1st period - Logan Morrison wins face-off versus Dillon Dube in Edmonton Oil Kings zone.
3:21 of 1st period - Slapshot by Logan Morrison.
3:21 of 1st period - Stopped by Jonathan Quick without a rebound.
3:22 of 1st period - Brad Lambert wins face-off versus Dillon Dube in Edmonton Oil Kings zone.
3:46 of 1st period - Minor Penalty to Landon Slaggert for High sticking.
3:47 of 1st period - Connor McMichael wins face-off versus Logan Morrison in Sarnia Sailors zone.
5:21 of 1st period - Logan Morrison is hit by Jack Quinn and loses puck.
5:46 of 1st period - Penalty to Landon Slaggert is over, Landon Slaggert is back on ice.
6:16 of 1st period - Wrist shot by Arthur Kaliyev.
6:16 of 1st period - Stopped by Jonathan Quick with a rebound.
6:21 of 1st period - Minor Penalty to Jett Woo for Holding.
6:22 of 1st period - Dillon Dube wins face-off versus Logan Morrison in Sarnia Sailors zone.
6:24 of 1st period - Snap shot by Dillon Dube.
6:24 of 1st period - Stopped by Remi Poirier with a rebound.
6:28 of 1st period - Snap shot by Filip Zadina.
6:28 of 1st period - Shot Misses the Net.
6:30 of 1st period - Slapshot by Troy Stecher.
6:30 of 1st period - Shot Blocked by Declan Chisholm.
8:21 of 1st period - Penalty to Jett Woo is over, Jett Woo is back on ice.
8:36 of 1st period - Josh Mahura is hit by Logan Morrison and loses puck.
9:45 of 1st period - Joey Anderson is hit by Cole Reinhardt.
9:51 of 1st period - Troy Stecher is hit by Cole Reinhardt and loses puck.
11:08 of 1st period - Brad Lambert is hit by Brett Kulak.
11:31 of 1st period - Ethan Cardwell is hit by Landon Slaggert and loses puck.
12:14 of 1st period - Noah Gregor is hit by Vasili Podkolzin and loses puck.
12:29 of 1st period - Noah Gregor is hit by Logan Morrison and loses puck.
12:48 of 1st period - Kirill Marchenko is hit by Landon Slaggert and loses puck.
13:14 of 1st period - Ethan Cardwell is hit by Arthur Kaliyev and loses puck.
14:50 of 1st period - Adam Erne is hit by Joey Anderson and loses puck.
15:05 of 1st period - Slapshot by Jamie Drysdale.
15:05 of 1st period - Stopped by Jonathan Quick with a rebound.
15:07 of 1st period - Slapshot by Declan Chisholm.
15:07 of 1st period - Shot Blocked by Josh Mahura.
15:09 of 1st period - Slapshot by Landon Slaggert.
15:09 of 1st period - Shot Misses the Net.
15:25 of 1st period - Josh Mahura is hit by Cole Reinhardt and loses puck.
15:41 of 1st period - Brad Lambert is hit by Joey Anderson and loses puck.
16:02 of 1st period - Snap shot by Jesse Puljujarvi.
16:02 of 1st period - Shot Blocked by Filip Zadina.
16:51 of 1st period - Tyler Angle is hit by Logan Morrison.
17:00 of 1st period - Josh Mahura is hit by Logan Morrison and loses puck.
17:18 of 1st period - Jamie Drysdale is hit by Luke Hughes and loses puck.
17:38 of 1st period - Off-side.
17:39 of 1st period - Brad Lambert wins face-off versus Connor McMichael in neutral zone.
17:48 of 1st period - Kirill Marchenko is hit by Jett Woo and loses puck.
17:53 of 1st period - Snap shot by Brad Lambert.
17:53 of 1st period - Stopped by Jonathan Quick without a rebound.
17:54 of 1st period - Tristen Nielsen wins face-off versus Dillon Dube in Edmonton Oil Kings zone.
18:02 of 1st period - Minor Penalty to Troy Stecher for Delaying the game.
18:03 of 1st period - Kirill Marchenko wins face-off versus Brad Lambert in Edmonton Oil Kings zone.
18:18 of 1st period - Snap shot by Arthur Kaliyev.
18:18 of 1st period - Stopped by Jonathan Quick with a rebound.
18:33 of 1st period - Off-side.
18:34 of 1st period - Brad Lambert wins face-off versus Kirill Marchenko in neutral zone.
19:05 of 1st period - Snap shot by Kirill Marchenko.
19:05 of 1st period - Stopped by Remi Poirier with a rebound.
19:07 of 1st period - Slapshot by Luke Hughes.
19:07 of 1st period - Stopped by Remi Poirier without a rebound.
19:08 of 1st period - Tristen Nielsen wins face-off versus Connor McMichael in Sarnia Sailors zone.
19:58 of 1st period - Kirill Marchenko is hit by Brad Lambert and loses puck.
Goals for this period are 0 for Sarnia Sailors vs 0 for Edmonton Oil Kings.
Shots for this period are 7 for Sarnia Sailors vs 3 for Edmonton Oil Kings.
2nd period
0:01 of 2nd period - Connor McMichael wins face-off versus Brad Lambert in neutral zone.
0:02 of 2nd period - Penalty to Troy Stecher is over, Troy Stecher is back on ice.
0:06 of 2nd period - Snap shot by Connor McMichael.
0:06 of 2nd period - Stopped by Remi Poirier with a rebound.
0:12 of 2nd period - Slapshot by Vasili Podkolzin.
0:12 of 2nd period - Shot Misses the Net.
0:16 of 2nd period - Snap shot by Arthur Kaliyev.
0:16 of 2nd period - Stopped by Jonathan Quick with a rebound.
0:26 of 2nd period - Troy Stecher is hit by Cole Reinhardt and loses puck.
0:31 of 2nd period - Slapshot by Samuel Walker.
0:31 of 2nd period - Deflect By Ryker Evans.
0:31 of 2nd period - Stopped by Jonathan Quick without a rebound.
0:32 of 2nd period - Logan Morrison wins face-off versus Mackenzie Entwistle in Edmonton Oil Kings zone.
1:25 of 2nd period - Off-side.
1:26 of 2nd period - Dillon Dube wins face-off versus Vasili Podkolzin in neutral zone.
1:29 of 2nd period - Snap shot by Ryker Evans.
1:29 of 2nd period - Shot Blocked by Declan Chisholm.
1:56 of 2nd period - Wrist shot by Joey Anderson.
1:56 of 2nd period - Stopped by Remi Poirier without a rebound.
1:57 of 2nd period - Mackenzie Entwistle wins face-off versus Tristen Nielsen in Sarnia Sailors zone.
2:00 of 2nd period - Snap shot by Joey Anderson.
2:00 of 2nd period - Shot Misses the Net.
2:04 of 2nd period - Slapshot by Joey Anderson.
2:04 of 2nd period - Stopped by Remi Poirier with a rebound.
2:06 of 2nd period - Slapshot by Troy Stecher.
2:06 of 2nd period - Stopped by Remi Poirier without a rebound.
2:07 of 2nd period - Connor McMichael wins face-off versus Tristen Nielsen in Sarnia Sailors zone.
2:08 of 2nd period - Wrist shot by Jack Quinn.
2:08 of 2nd period - Stopped by Remi Poirier without a rebound.
2:09 of 2nd period - Connor McMichael wins face-off versus Brad Lambert in Sarnia Sailors zone.
2:34 of 2nd period - Backhand shot by Tristen Nielsen.
2:34 of 2nd period - Goal by Tristen Nielsen - Sarnia Sailors : 1 - Edmonton Oil Kings : 0.
2:35 of 2nd period - Brad Lambert wins face-off versus Connor McMichael in neutral zone.
3:05 of 2nd period - Snap shot by Logan Morrison.
3:05 of 2nd period - Stopped by Jonathan Quick with a rebound.
3:07 of 2nd period - Wrist shot by Samuel Walker.
3:07 of 2nd period - Goal by Samuel Walker - Sarnia Sailors : 2 - Edmonton Oil Kings : 0.
3:08 of 2nd period - Brad Lambert wins face-off versus Dillon Dube in neutral zone.
3:11 of 2nd period - Snap shot by Vasili Podkolzin.
3:11 of 2nd period - Shot Misses the Net.
3:16 of 2nd period - Icing by Dillon Dube.
3:17 of 2nd period - Dillon Dube wins face-off versus Brad Lambert in Edmonton Oil Kings zone.
3:23 of 2nd period - Icing by Declan Chisholm.
3:24 of 2nd period - Brad Lambert wins face-off versus Connor McMichael in Sarnia Sailors zone.
3:51 of 2nd period - Jamie Drysdale is hit by Noah Gregor.
3:59 of 2nd period - Slapshot by Jamie Drysdale.
3:59 of 2nd period - Deflect By Noah Gregor.
3:59 of 2nd period - Stopped by Jonathan Quick without a rebound.
4:00 of 2nd period - Connor McMichael wins face-off versus Jesse Puljujarvi in Edmonton Oil Kings zone.
4:07 of 2nd period - Wrist shot by Jack Quinn.
4:07 of 2nd period - Shot Misses the Net.
4:09 of 2nd period - Wrist shot by Jack Quinn.
4:09 of 2nd period - Stopped by Remi Poirier with a rebound.
4:11 of 2nd period - Slapshot by Jack Quinn.
4:11 of 2nd period - Stopped by Remi Poirier with a rebound.
4:13 of 2nd period - Snap shot by Brett Kulak.
4:13 of 2nd period - Stopped by Remi Poirier without a rebound.
4:14 of 2nd period - Brad Lambert wins face-off versus Mackenzie Entwistle in Sarnia Sailors zone.
4:27 of 2nd period - Wrist shot by Brad Lambert.
4:27 of 2nd period - Stopped by Jonathan Quick with a rebound.
4:29 of 2nd period - Wrist shot by Vasili Podkolzin.
4:29 of 2nd period - Stopped by Jonathan Quick without a rebound.
4:30 of 2nd period - Connor McMichael wins face-off versus Tristen Nielsen in Edmonton Oil Kings zone.
5:01 of 2nd period - Wrist shot by Mackenzie Entwistle.
5:01 of 2nd period - Stopped by Remi Poirier without a rebound.
5:02 of 2nd period - Brad Lambert wins face-off versus Joey Anderson in Sarnia Sailors zone.
5:02 of 2nd period - Brad Lambert is hit by Mackenzie Entwistle.
5:08 of 2nd period - Ethan Cardwell is hit by Jett Woo and loses puck.
5:27 of 2nd period - Cole Reinhardt is hit by Filip Zadina and loses puck.
5:32 of 2nd period - Wrist shot by Filip Zadina.
5:32 of 2nd period - Stopped by Remi Poirier with a rebound.
5:34 of 2nd period - Snap shot by Noah Gregor.
5:34 of 2nd period - Stopped by Remi Poirier with a rebound.
5:52 of 2nd period - Slapshot by Jett Woo.
5:52 of 2nd period - Stopped by Jonathan Quick with a rebound.
6:00 of 2nd period - Antti Saarela is hit by Jack Quinn and loses puck.
6:21 of 2nd period - Wrist shot by Adam Erne.
6:21 of 2nd period - Shot Blocked by Brett Kulak.
6:23 of 2nd period - Slapshot by Adam Erne.
6:23 of 2nd period - Shot Misses the Net.
6:39 of 2nd period - Snap shot by Arthur Kaliyev.
6:39 of 2nd period - Shot Misses the Net.
6:41 of 2nd period - Snap shot by Arthur Kaliyev.
6:41 of 2nd period - Deflect By Brad Lambert.
6:41 of 2nd period - Stopped by Jonathan Quick without a rebound.
6:42 of 2nd period - Tristen Nielsen wins face-off versus Connor McMichael in Edmonton Oil Kings zone.
6:45 of 2nd period - Snap shot by Tristen Nielsen.
6:45 of 2nd period - Shot Misses the Net.
7:09 of 2nd period - Jamie Drysdale is hit by Kale Clague and loses puck.
8:11 of 2nd period - Slapshot by Arthur Kaliyev.
8:11 of 2nd period - Stopped by Jonathan Quick without a rebound.
8:12 of 2nd period - Samuel Helenius wins face-off versus Brad Lambert in Edmonton Oil Kings zone.
8:37 of 2nd period - Troy Stecher is hit by Jesse Puljujarvi and loses puck.
9:14 of 2nd period - Minor Penalty to Cole Reinhardt for Delaying the game.
9:15 of 2nd period - Logan Morrison wins face-off versus Connor McMichael in Sarnia Sailors zone.
9:36 of 2nd period - Minor Penalty to Jack Quinn for Cross-checking.
9:37 of 2nd period - Kirill Marchenko wins face-off versus Brad Lambert in Edmonton Oil Kings zone.
9:43 of 2nd period - Slapshot by Troy Stecher.
9:43 of 2nd period - Stopped by Remi Poirier with a rebound.
9:45 of 2nd period - Slapshot by Luke Hughes.
9:45 of 2nd period - Shot Misses the Net.
9:47 of 2nd period - Slapshot by Troy Stecher.
9:47 of 2nd period - Deflect By Kirill Marchenko.
9:47 of 2nd period - Shot Misses the Net.
9:47 of 2nd period - Puck is out of play.
9:48 of 2nd period - Brad Lambert wins face-off versus Noah Gregor in Sarnia Sailors zone.
10:03 of 2nd period - Slapshot by Arthur Kaliyev.
10:03 of 2nd period - Stopped by Jonathan Quick without a rebound.
10:04 of 2nd period - Brad Lambert wins face-off versus Kirill Marchenko in Edmonton Oil Kings zone.
10:17 of 2nd period - Snap shot by Arthur Kaliyev.
10:17 of 2nd period - Stopped by Jonathan Quick with a rebound.
10:59 of 2nd period - Icing by Jack Rathbone.
11:00 of 2nd period - Connor McMichael wins face-off versus Tristen Nielsen in Sarnia Sailors zone.
11:14 of 2nd period - Penalty to Cole Reinhardt is over, Cole Reinhardt is back on ice.
11:15 of 2nd period - Wrist shot by Vasili Podkolzin.
11:15 of 2nd period - Goal by Vasili Podkolzin - Sarnia Sailors : 3 - Edmonton Oil Kings : 0.
11:16 of 2nd period - Connor McMichael wins face-off versus Brad Lambert in neutral zone.
11:30 of 2nd period - Snap shot by Kirill Marchenko.
11:30 of 2nd period - Shot Misses the Net.
11:32 of 2nd period - Wrist shot by Jack Quinn.
11:32 of 2nd period - Stopped by Remi Poirier with a rebound.
12:01 of 2nd period - Snap shot by Arthur Kaliyev.
12:01 of 2nd period - Shot Misses the Net.
12:03 of 2nd period - Slapshot by Jamie Drysdale.
12:03 of 2nd period - Deflect By Arthur Kaliyev.
12:03 of 2nd period - Deflect By Joey Anderson.
12:03 of 2nd period - Shot Misses the Net.
12:03 of 2nd period - Puck is out of play.
12:04 of 2nd period - Dillon Dube wins face-off versus Adam Erne in Edmonton Oil Kings zone.
12:04 of 2nd period - Dillon Dube is hit by Jack Rathbone.
12:05 of 2nd period - Filip Zadina and Tristen Nielsen fight to a draw.
12:05 of 2nd period - Penalty to Filip Zadina for Fighting.
12:05 of 2nd period - Penalty to Tristen Nielsen for Fighting.
12:06 of 2nd period - Dillon Dube wins face-off versus Brad Lambert in Edmonton Oil Kings zone.
12:15 of 2nd period - Slapshot by Noah Gregor.
12:15 of 2nd period - Shot Blocked by Jamie Drysdale.
12:17 of 2nd period - Snap shot by Troy Stecher.
12:17 of 2nd period - Stopped by Remi Poirier with a rebound.
12:19 of 2nd period - Snap shot by Noah Gregor.
12:19 of 2nd period - Stopped by Remi Poirier with a rebound.
12:31 of 2nd period - Kirill Marchenko is hit by Logan Morrison.
13:25 of 2nd period - Kirill Marchenko is hit by Jesse Puljujarvi and loses puck.
13:36 of 2nd period - Jack Quinn is hit by Cole Reinhardt.
14:37 of 2nd period - Noah Gregor is hit by Landon Slaggert and loses puck.
14:42 of 2nd period - Slapshot by Landon Slaggert.
14:42 of 2nd period - Stopped by Jonathan Quick without a rebound.
14:43 of 2nd period - Mackenzie Entwistle wins face-off versus Logan Morrison in Edmonton Oil Kings zone.
14:43 of 2nd period - Mackenzie Entwistle is hit by Adam Ginning.
14:53 of 2nd period - Snap shot by Mackenzie Entwistle.
14:53 of 2nd period - Shot Misses the Net.
14:55 of 2nd period - Snap shot by Mackenzie Entwistle.
14:55 of 2nd period - Goal by Mackenzie Entwistle - Sarnia Sailors : 3 - Edmonton Oil Kings : 1.
14:56 of 2nd period - Brad Lambert wins face-off versus Connor McMichael in neutral zone.
14:59 of 2nd period - Luke Hughes is hit by Brad Lambert and loses puck.
15:31 of 2nd period - Snap shot by Jesse Puljujarvi.
15:31 of 2nd period - Stopped by Jonathan Quick with a rebound.
15:33 of 2nd period - Snap shot by Logan Morrison.
15:33 of 2nd period - Stopped by Jonathan Quick without a rebound.
15:34 of 2nd period - Connor McMichael wins face-off versus Brad Lambert in Edmonton Oil Kings zone.
15:43 of 2nd period - Snap shot by Kirill Marchenko.
15:43 of 2nd period - Stopped by Remi Poirier without a rebound.
15:44 of 2nd period - Brad Lambert wins face-off versus Connor McMichael in Sarnia Sailors zone.
15:51 of 2nd period - Wrist shot by Arthur Kaliyev.
15:51 of 2nd period - Stopped by Jonathan Quick with a rebound.
16:07 of 2nd period - Wrist shot by Jack Quinn.
16:07 of 2nd period - Stopped by Remi Poirier with a rebound.
16:09 of 2nd period - Snap shot by Kirill Marchenko.
16:09 of 2nd period - Goal by Kirill Marchenko - Sarnia Sailors : 3 - Edmonton Oil Kings : 2.
16:10 of 2nd period - Vasili Podkolzin wins face-off versus Dillon Dube in neutral zone.
17:01 of 2nd period - Off-side.
17:02 of 2nd period - Antti Saarela wins face-off versus Dillon Dube in neutral zone.
17:17 of 2nd period - Wrist shot by Antti Saarela.
17:17 of 2nd period - Stopped by Jonathan Quick without a rebound.
17:18 of 2nd period - Brad Lambert wins face-off versus Connor McMichael in Edmonton Oil Kings zone.
17:19 of 2nd period - Wrist shot by Arthur Kaliyev.
17:19 of 2nd period - Goal by Arthur Kaliyev - Sarnia Sailors : 4 - Edmonton Oil Kings : 2.
17:20 of 2nd period - Brad Lambert wins face-off versus Dillon Dube in neutral zone.
17:23 of 2nd period - Wrist shot by Arthur Kaliyev.
17:23 of 2nd period - Shot Misses the Net.
17:25 of 2nd period - Snap shot by Vasili Podkolzin.
17:25 of 2nd period - Stopped by Jonathan Quick with a rebound.
17:27 of 2nd period - Wrist shot by Arthur Kaliyev.
17:27 of 2nd period - Stopped by Jonathan Quick without a rebound.
17:28 of 2nd period - Dillon Dube wins face-off versus Brad Lambert in Edmonton Oil Kings zone.
18:04 of 2nd period - Declan Chisholm is hit by Jack Quinn and loses puck.
18:15 of 2nd period - Wrist shot by Mackenzie Entwistle.
18:15 of 2nd period - Deflect By Joey Anderson.
18:15 of 2nd period - Shot Misses the Net.
18:15 of 2nd period - Puck is out of play.
18:16 of 2nd period - Mackenzie Entwistle wins face-off versus Brad Lambert in Sarnia Sailors zone.
18:19 of 2nd period - Wrist shot by Mackenzie Entwistle.
18:19 of 2nd period - Shot Misses the Net.
18:21 of 2nd period - Slapshot by Mackenzie Entwistle.
18:21 of 2nd period - Stopped by Remi Poirier with a rebound.
18:23 of 2nd period - Slapshot by Josh Mahura.
18:23 of 2nd period - Stopped by Remi Poirier with a rebound.
19:04 of 2nd period - Wrist shot by Filip Zadina.
19:04 of 2nd period - Shot Misses the Net.
19:07 of 2nd period - Icing by Tristen Nielsen.
19:08 of 2nd period - Tristen Nielsen wins face-off versus Samuel Helenius in Sarnia Sailors zone.
19:20 of 2nd period - Minor Penalty to Jett Woo for Tripping.
19:21 of 2nd period - Dillon Dube wins face-off versus Logan Morrison in Sarnia Sailors zone.
19:26 of 2nd period - Snap shot by Luke Hughes.
19:26 of 2nd period - Goal by Luke Hughes - Sarnia Sailors : 4 - Edmonton Oil Kings : 3.
19:27 of 2nd period - Dillon Dube wins face-off versus Brad Lambert in neutral zone.
19:40 of 2nd period - Wrist shot by Brad Lambert.
19:40 of 2nd period - Goal by Brad Lambert - Sarnia Sailors : 5 - Edmonton Oil Kings : 3.
19:41 of 2nd period - Connor McMichael wins face-off versus Brad Lambert in neutral zone.
19:44 of 2nd period - Vasili Podkolzin is hit by Connor McMichael and loses puck.
19:51 of 2nd period - Jack Quinn is hit by Jamie Drysdale and loses puck.
Goals for this period are 5 for Sarnia Sailors vs 3 for Edmonton Oil Kings.
Shots for this period are 23 for Sarnia Sailors vs 22 for Edmonton Oil Kings.
3rd period
0:01 of 3rd period - Samuel Helenius wins face-off versus Brad Lambert in neutral zone.
0:12 of 3rd period - Snap shot by Kirill Marchenko.
0:12 of 3rd period - Stopped by Remi Poirier with a rebound.
0:14 of 3rd period - Slapshot by Troy Stecher.
0:14 of 3rd period - Stopped by Remi Poirier with a rebound.
0:16 of 3rd period - Slapshot by Troy Stecher.
0:16 of 3rd period - Shot Blocked by Vasili Podkolzin.
0:26 of 3rd period - Dillon Dube is hit by Jamie Drysdale and loses puck.
0:58 of 3rd period - Snap shot by Samuel Walker.
0:58 of 3rd period - Shot Misses the Net.
1:12 of 3rd period - Wrist shot by Kirill Marchenko.
1:12 of 3rd period - Stopped by Remi Poirier with a rebound.
1:14 of 3rd period - Wrist shot by Connor McMichael.
1:14 of 3rd period - Stopped by Remi Poirier without a rebound.
1:15 of 3rd period - Noah Gregor wins face-off versus Brad Lambert in Sarnia Sailors zone.
2:03 of 3rd period - Ryker Evans is hit by Logan Morrison and loses puck.
2:53 of 3rd period - Jesse Puljujarvi is hit by Luke Hughes and loses puck.
2:57 of 3rd period - Icing by Tyson Hinds.
2:58 of 3rd period - Dillon Dube wins face-off versus Tristen Nielsen in Sarnia Sailors zone.
2:59 of 3rd period - Slapshot by Filip Zadina.
2:59 of 3rd period - Shot Blocked by Jack Rathbone.
3:14 of 3rd period - Off-side.
3:15 of 3rd period - Brad Lambert wins face-off versus Mackenzie Entwistle in neutral zone.
3:18 of 3rd period - Ethan Cardwell is hit by Declan Chisholm and loses puck.
3:46 of 3rd period - Brett Kulak is hit by Jett Woo and loses puck.
4:05 of 3rd period - Dillon Dube is hit by Adam Erne.
5:12 of 3rd period - Off-side.
5:13 of 3rd period - Jack Quinn wins face-off versus Brad Lambert in neutral zone.
5:18 of 3rd period - Snap shot by Kirill Marchenko.
5:18 of 3rd period - Stopped by Remi Poirier without a rebound.
5:19 of 3rd period - Brad Lambert wins face-off versus Dillon Dube in Sarnia Sailors zone.
5:43 of 3rd period - Snap shot by Brad Lambert.
5:43 of 3rd period - Stopped by Jonathan Quick without a rebound.
5:44 of 3rd period - Connor McMichael wins face-off versus Adam Erne in Edmonton Oil Kings zone.
6:15 of 3rd period - Wrist shot by Samuel Walker.
6:15 of 3rd period - Stopped by Jonathan Quick with a rebound.
6:22 of 3rd period - Minor Penalty to Samuel Walker for Slashing.
6:23 of 3rd period - Dillon Dube wins face-off versus Logan Morrison in Sarnia Sailors zone.
8:22 of 3rd period - Penalty to Samuel Walker is over, Samuel Walker is back on ice.
8:35 of 3rd period - Snap shot by Joey Anderson.
8:35 of 3rd period - Stopped by Remi Poirier without a rebound.
8:36 of 3rd period - Arthur Kaliyev wins face-off versus Mackenzie Entwistle in Sarnia Sailors zone.
8:41 of 3rd period - Wrist shot by Brad Lambert.
8:41 of 3rd period - Stopped by Jonathan Quick without a rebound.
8:42 of 3rd period - Mackenzie Entwistle wins face-off versus Brad Lambert in Edmonton Oil Kings zone.
8:58 of 3rd period - Snap shot by Arthur Kaliyev.
8:58 of 3rd period - Shot Misses the Net.
9:16 of 3rd period - Slapshot by Josh Mahura.
9:16 of 3rd period - Shot Blocked by Adam Ginning.
9:18 of 3rd period - Snap shot by Mackenzie Entwistle.
9:18 of 3rd period - Shot Misses the Net.
9:20 of 3rd period - Slapshot by Ethan Cardwell.
9:20 of 3rd period - Shot Misses the Net.
9:22 of 3rd period - Wrist shot by Mackenzie Entwistle.
9:22 of 3rd period - Shot Blocked by Adam Ginning.
9:24 of 3rd period - Snap shot by Ethan Cardwell.
9:24 of 3rd period - Deflect By Adam Erne.
9:24 of 3rd period - Stopped by Remi Poirier with a rebound.
9:26 of 3rd period - Slapshot by Josh Mahura.
9:26 of 3rd period - Stopped by Remi Poirier with a rebound.
9:28 of 3rd period - Slapshot by Kale Clague.
9:28 of 3rd period - Stopped by Remi Poirier with a rebound.
9:30 of 3rd period - Snap shot by Mackenzie Entwistle.
9:30 of 3rd period - Deflect By Ethan Cardwell.
9:30 of 3rd period - Shot Blocked by Tyson Hinds.
9:30 of 3rd period - Puck is out of play.
9:31 of 3rd period - Brad Lambert wins face-off versus Connor McMichael in Sarnia Sailors zone.
9:42 of 3rd period - Snap shot by Arthur Kaliyev.
9:42 of 3rd period - Stopped by Jonathan Quick with a rebound.
9:44 of 3rd period - Wrist shot by Arthur Kaliyev.
9:44 of 3rd period - Stopped by Jonathan Quick without a rebound.
9:45 of 3rd period - Dillon Dube wins face-off versus Tristen Nielsen in Edmonton Oil Kings zone.
9:45 of 3rd period - Dillon Dube is hit by Adam Erne.
11:03 of 3rd period - Antti Saarela is hit by Ethan Cardwell and loses puck.
11:54 of 3rd period - Josh Mahura is hit by Adam Ginning and loses puck.
12:04 of 3rd period - Icing by Tyson Hinds.
12:05 of 3rd period - Mackenzie Entwistle wins face-off versus Antti Saarela in Sarnia Sailors zone.
12:22 of 3rd period - Declan Chisholm is hit by Kale Clague and loses puck.
12:28 of 3rd period - Icing by Declan Chisholm.
12:29 of 3rd period - Brad Lambert wins face-off versus Connor McMichael in Sarnia Sailors zone.
13:36 of 3rd period - Logan Morrison is hit by Ryker Evans and loses puck.
14:09 of 3rd period - Jett Woo is hit by Troy Stecher and loses puck.
14:26 of 3rd period - Slapshot by Lucas Edmonds.
14:26 of 3rd period - Stopped by Jonathan Quick without a rebound.
14:27 of 3rd period - Samuel Helenius wins face-off versus Brad Lambert in Edmonton Oil Kings zone.
14:32 of 3rd period - Adam Ginning is hit by Ryker Evans and loses puck.
14:53 of 3rd period - Tyson Hinds is hit by Connor McMichael and loses puck.
15:08 of 3rd period - Snap shot by Dillon Dube.
15:08 of 3rd period - Stopped by Remi Poirier without a rebound.
15:09 of 3rd period - Logan Morrison wins face-off versus Dillon Dube in Sarnia Sailors zone.
15:16 of 3rd period - Snap shot by Logan Morrison.
15:16 of 3rd period - Stopped by Jonathan Quick without a rebound.
15:17 of 3rd period - Logan Morrison wins face-off versus Samuel Helenius in Edmonton Oil Kings zone.
15:32 of 3rd period - Slapshot by Luke Hughes.
15:32 of 3rd period - Shot Blocked by Jamie Drysdale.
16:24 of 3rd period - Wrist shot by Landon Slaggert.
16:24 of 3rd period - Shot Blocked by Mackenzie Entwistle.
17:04 of 3rd period - Wrist shot by Brad Lambert.
17:04 of 3rd period - Shot Misses the Net.
17:06 of 3rd period - Backhand shot by Brad Lambert.
17:06 of 3rd period - Shot Misses the Net.
17:08 of 3rd period - Snap shot by Jett Woo.
17:08 of 3rd period - Stopped by Jonathan Quick with a rebound.
19:09 of 3rd period - Adam Ginning is hit by Connor McMichael and loses puck.
Goals for this period are 0 for Sarnia Sailors vs 0 for Edmonton Oil Kings.
Shots for this period are 8 for Sarnia Sailors vs 10 for Edmonton Oil Kings.
Back to the Top